 Dungeon Crawl Stone Soup version 0.30-a0-881-g1ff12e1e11 (webtiles) character file.

Game seed: 13391827540806586315

257 dialectric the Trooper (level 5, -3/41 HPs)
             Began as a Demonspawn Fighter on Mar 14, 2023.
             Was an Initiate of Okawaru.
             Slain by a black bear (4 damage)
             ... on level 3 of the Dungeon.
             The game lasted 00:03:31 (3354 turns).

dialectric the Trooper (Demonspawn Fighter)         Turns: 3354, Time: 00:03:31

Health: -3/41      AC:  9    Str: 18    XL:     5   Next: 93%
Magic:  5/5        EV: 10    Int:  9    God:    Okawaru [......]
Gold:   313        SH:  0    Dex: 15    Spells: 4/4 levels left

rFire   . . .      SeeInvis +    g - +0 bardiche
rCold   . . .      Faith    .    (shield currently unavailable)
rNeg    . . .      Spirit   .    b - +0 scale mail
rPois   .          Reflect  .    (no helmet)
rElec   .          Rampage  .    n - +0 cloak
rCorr   .                        (no gloves)
Will    +....                    k - +0 pair of boots
Stlth   +                        (no amulet)
HPRegen 0.26/turn                e - ring of see invisible
MPRegen 0.18/turn                r - ring of willpower

@: no status effects
A: thin skeletal structure 1, (demonic guardian 2), magic regeneration
a: Renounce Religion


You were on level 3 of the Dungeon.
You worshipped Okawaru.
Okawaru was noncommittal.
You visited 1 branch of the dungeon, and saw 5 of its levels.

You collected 313 gold pieces.

Inventory:

Hand Weapons
 a - a +0 long sword
 g - a +0 bardiche (weapon)
Armour
 b - a +0 scale mail (worn)
 c - a +0 buckler
 k - a +0 pair of boots (worn)
 n - a +0 cloak (worn)
Jewellery
 e - a ring of see invisible (left hand)
 i - a ring of flight
 r - a ring of willpower (right hand)
Scrolls
 d - 2 scrolls of teleportation {unknown}
 h - 2 scrolls of identify {unknown}
 l - a scroll of fear
 p - a scroll of vulnerability {unknown}
 q - a scroll of torment {unknown}
 s - 2 scrolls of amnesia {unknown}
 t - a scroll of magic mapping {unknown}
 v - 2 scrolls of enchant armour {unknown}
Potions
 f - a potion of degeneration {unknown}
 j - 4 potions of haste
 m - 2 potions of curing {unknown}
 o - a potion of flight {unknown}
 u - a potion of resistance {unknown}
 w - a potion of invisibility {unknown}


   Skills:
 + Level 3.6 Fighting
 - Level 2.0 Long Blades
 * Level 3.4 Polearms
 + Level 3.3 Armour
 * Level 2.0 Dodging
 + Level 0.3 Stealth
 - Level 2.7 Shields


You had 4 spell levels left.
You didn't know any spells.
Your spell library contained the following spells:

 Spells                   Type           Power      Damage    Failure   Level
 Ensorcelled Hibernation  Hex/Ice        0%         N/A       88%         2
 Sublimation of Blood     Necr           0%         N/A       88%         2
 Wereblood                Tmut           0%         N/A       88%         2
 Ignite Poison            Fire/Tmut/Pois 0%         N/A       98%         3
 Spider Form              Tmut/Pois      0%         N/A       98%         3
 Anguish                  Hex/Necr       0%         N/A       100%        4
 Sticky Flame             Conj/Fire      0%         2d3       100%        4
 Enfeeble                 Hex            0%         N/A       100%        7
 Ignition                 Fire           0%         3d3       100%        8
 Chain Lightning          Conj/Air       0%         N/A       100%        9
 Fire Storm               Conj/Fire      0%         5d1       100%        9
 Shatter                  Erth           0%         3d5*      100%        9
 Summon Hydra             Summ           Unusable   N/A       N/A         7

Dungeon Overview and Level Annotations

Branches:
Dungeon (5/15)
 Temple: D:4-7

Altars:
Dithmenos
Kikubaaqudgha
Makhleb
Okawaru

Annotations:
D:3 2 runed translucent doors, TheSexyCheese's ghost, amateur TeGl


Innate Abilities, Weirdness & Mutations

You have a somewhat thin skeletal structure. (Dex +2, Stealth+)
((A demonic guardian rushes to your aid.))
You regenerate magic rapidly.


Message History

The black bear bites you but does no damage.
The black bear claws you.
The black bear claws you but does no damage.
There is a stone staircase leading up here.
The black bear misses you. The black bear barely misses you.
The black bear claws you but does no damage.
You climb upwards.
Level annotation: 2 runed translucent doors, TheSexyCheese's ghost, amateur TeGl
There is a stone staircase leading down here.
Unknown command.
You hit the black bear.
The black bear is moderately wounded.
The black bear bites you but does no damage.
The black bear claws you but does no damage. x2
The black bear barely misses you.
The black bear claws you but does no damage. x2
You closely miss the black bear.
The black bear is moderately wounded.
The black bear bites you. The black bear claws you. x2
The black bear closely misses you.
The black bear claws you but does no damage.
The black bear barely misses you.
You closely miss the black bear.
The black bear is moderately wounded.
The black bear closely misses you.
The black bear claws you but does no damage.
The black bear claws you.
You slash the black bear!
The black bear is severely wounded.
The black bear goes berserk!
The black bear bites you. The black bear closely misses you.
The black bear claws you but does no damage.
You hit the black bear.
The black bear is almost dead.
The black bear bites you!
* * * LOW HITPOINT WARNING * * *
The black bear claws you.
* * * LOW HITPOINT WARNING * * *
The black bear closely misses you. The black bear bites you.
You die...

.###......####.##.#.#
.# #...#### #.##.#.#
.# ##### ###......#
.# #.......## ##
#.####..# ##
#.####..# .#
########)##....# .#
#.....##.##.##.# .#
#.....##.##h@..# .#
#.....##...###.## .#
#.....###.## ##.# .#
#.....# #.# #.# .#
###.### #.## ##.#
#######.### ##.###.##
#.........# ##...##
#.###.###.# ##.##
..###.######## #.#


You could see a black bear (berserk).

Vanquished Creatures
  3 iguanas (D:5)
  4 gnolls
  4 adders
  A worm (D:3)
  3 dart slugs
  8 orcs
  2 ball pythons
  5 bats
  5 endoplasms
  2 giant cockroaches
  9 goblins
  12 hobgoblins
  6 jackals
  4 quokkas
  A frilled lizard (D:2)
  6 kobolds
  6 rats
81 creatures vanquished.

Vanquished Creatures (collateral kills)
  A rat (D:2)
1 creature vanquished.

Grand Total: 82 creatures vanquished

Notes
Turn   | Place    | Note
-------+----------+-------------------------------------------
     0 | D:1      | dialectric the Demonspawn Fighter began the quest for the
                  | Orb.
     0 | D:1      | Reached XP level 1. HP: 18/18 MP: 1/1
   133 | D:1      | Gained mutation: You have a somewhat thin skeletal
                  | structure. (Dex +2, Stealth+) [demonic ancestry]
   133 | D:1      | Reached XP level 2. HP: 24/24 MP: 2/2
   312 | D:1      | Gained mutation: You regenerate magic rapidly. [demonic
                  | ancestry]
   312 | D:1      | Reached XP level 3. HP: 29/29 MP: 3/3
   427 | D:1      | Found a faded altar of an unknown god.
   441 | D:1      | Reached skill level 1 in Dodging
   899 | D:2      | Reached skill level 1 in Polearms
   905 | D:2      | Gained mutation: A weak demonic guardian rushes to your
                  | aid. [demonic ancestry]
   905 | D:2      | Reached XP level 4. HP: 5/35 MP: 4/4
  1870 | D:3      | Found a large runed translucent door.
  1889 | D:3      | Found a large runed translucent door.
  2020 | D:3      | Found a burning altar of Makhleb.
  2185 | D:3      | Gained mutation: A demonic guardian rushes to your aid.
                  | [demonic ancestry]
  2185 | D:3      | Reached XP level 5. HP: 41/41 MP: 5/5
  2443 | D:3      | Noticed TheSexyCheese's ghost (amateur TeGl)
  3003 | D:5      | Entered Level 5 of the Dungeon
  3029 | D:5      | Found an iron altar of Okawaru.
  3068 | D:5      | Became a worshipper of Warmaster Okawaru
  3283 | D:5      | Found a shadowy altar of Dithmenos.
  3297 | D:5      | Found an ancient bone altar of Kikubaaqudgha.
  3314 | D:5      | Noticed a black bear
  3354 | D:3      | HP: 1/41 [black bear (4)]
  3354 | D:3      | Slain by a black bear

Illustrated notes

Levels and vault maps discovered:
D:1:      amcnicky_arrival_abandoned_market, layout_rooms,
          shapermc_ecumenical_altar_mp_vishouse, chequers_arboretum,
          due_unseen_surprise
D:2:      layout_basic, basic_altar
D:3:      layout_loops_cross, mainiacjoe_overflow_24_doors,
          ebering_ghost_disaster_area, minmay_increasing_density
D:4:      layout_cave_pools
D:5:      layout_loops_ring, mainiacjoe_overflow_tiny_flanked,
          lemuel_crystal_altar, jmf_multi_god_temple, serial_shops, shop

Skill      XL: |  1  2  3  4  5 |
---------------+----------------+-----
Armour         | 3 |  3.3
Long Blades    | 2 |  2.0
Dodging        | 1 2 |  2.0
Polearms       | 1 2 3 |  3.4
Fighting       | |  3.6
Stealth        | |  0.3
Shields        | |  2.7

Action                     |  1- 3 |  4- 6 || total
---------------------------+-------+-------++-------
  Melee: Long sword        |    45 |       ||    45
         Punch             |     1 |       ||     1
         Bardiche          |    57 |   179 ||   236
    Use: Potion            |     1 |       ||     1
         Scroll            |       |     1 ||     1
   Stab: Sleeping          |     2 |     2 ||     4
 Armour: Scale mail        |    62 |   140 ||   202
  Dodge: Dodged            |    64 |   150 ||   214

Table legend: (Time is in decaauts)
 A = Elapsed time spent in this place.
 B = Non-inter-level travel time spent in this place.
 C = Inter-level travel time spent in this place.
 D = Time resting spent in this place.
 E = Time spent auto-exploring this place.
 F = Levels seen in this place.
 G = Mean time per level.
                   A        B        C        D        E       F      G
               +--------+--------+--------+--------+--------+-----+--------+
         Total |   3559 |   3437 |    122 |    141 |   2411 |   5 |  711.8 |
       Dungeon |   3559 |   3437 |    122 |    141 |   2411 |   5 |  711.8 |
               +--------+--------+--------+--------+--------+-----+--------+

Top non-repeatable levels by time:
     D:2: 1080 daAuts
     D:3: 998 daAuts
     D:1: 671 daAuts
     D:4: 461 daAuts
     D:5: 347 daAuts
